 Dungeon Crawl Stone Soup version 0.23-a0-844-gdc03e01 (webtiles) character file.

18692 Lanoc the Carver (level 12, 0/97 HPs)
             Began as a Demonspawn Fighter on Jan 27, 2019.
             Was a High Priest of Makhleb.
             Slain by a fire elemental (13 damage)
             ... led by Azrael
             ... on level 11 of the Dungeon.
             The game lasted 00:29:44 (11764 turns).

Lanoc the Carver (Demonspawn Fighter)              Turns: 11764, Time: 00:29:45

Health: 0/97       AC: 21    Str: 20    XL:     12   Next: 30%
Magic:  12/12      EV:  8    Int: 10    God:    Makhleb [*****.]
Gold:   811        SH:  9    Dex: 14    Spells: 11/11 levels left

rFire    . . .     SeeInvis .   C - +0 scimitar (flame)
rCold    + . .     Gourm    .   c - +0 shield
rNeg     . . .     Faith    .   J - +0 plate armour (curse)
rPois    .         Spirit   .   (helmet restricted)
rElec    .         Reflect  .   (no cloak)
rCorr    .         Harm     .   (no gloves)
MR       +....                  k - +2 pair of boots
Stlth    ..........             l - amulet of rage
HPRegen  0.26/turn              s - ring of protection from magic
MPRegen  0.13/turn              w - +2 ring of slaying

@: no status effects
A: antennae 2, iridescent scales 2, blink, cold resistance 1, icemail, screaming
1, freezing cloud immunity
a: Blink, Minor Destruction, Lesser Servant of Makhleb, Major Destruction,
Greater Servant of Makhleb, Renounce Religion, Evoke Berserk Rage


You were on level 11 of the Dungeon.
You worshipped Makhleb.
Makhleb was extremely pleased with you.
You were not hungry.

You visited 2 branches of the dungeon, and saw 13 of its levels.
You also visited: Sewer.

You collected 811 gold pieces.

Inventory:

Hand Weapons
 C - a +0 scimitar of flaming (weapon)
Armour
 c - a +0 shield (worn)
 k - a +2 pair of boots (worn)
 D - a +1 chain mail of cold resistance
 J - a cursed +0 plate armour (worn)
Jewellery
 l - an amulet of rage (around neck)
 s - a ring of protection from magic (left hand)
 v - a +2 ring of evasion
 w - a +2 ring of slaying (right hand)
 F - an uncursed ring of flight
 K - a +1 ring of evasion
Wands
 a - a wand of flame (15)
 m - a wand of clouds (5)
 x - a wand of acid (8)
 y - a wand of enslavement (2)
 I - a wand of paralysis (9)
 L - a wand of digging (6)
Scrolls
 b - 2 scrolls of fear
 d - 2 scrolls of blinking
 g - 5 scrolls of identify
 h - 3 scrolls of fog
 j - 9 scrolls of remove curse
 n - 3 scrolls of magic mapping
 p - 4 scrolls of enchant weapon
 q - 2 scrolls of amnesia
 r - 12 scrolls of teleportation
 t - 2 scrolls of enchant armour
Potions
 e - 2 potions of flight
 i - 5 potions of magic
 o - a potion of cancellation
 u - 3 potions of curing
 z - a potion of brilliance
 A - 2 potions of mutation
 B - 3 potions of haste
 E - a potion of invisibility
Miscellaneous
 G - a phial of floods
Comestibles
 f - 25 rations
 H - 7 chunks of flesh


   Skills:
 + Level 9.7 Fighting
 * Level 11.9 Long Blades
 + Level 9.0 Armour
 + Level 8.4 Dodging
 - Level 2.6 Shields


You had 11 spell levels left.
You didn't know any spells.
Your spell library contained the following spells:

 Spells                   Type           Power        Failure   Level  Hunger
 Cause Fear               Hex            #.........   100%        4    #####..
 Silence                  Hex/Air        #.........   100%        5    ######.
 Yara's Violent Unravell  Hex/Tmut       #.........   100%        5    ######.
 Deflect Missiles         Chrm/Air       #.........   100%        6    #######
 Poison Arrow             Conj/Pois      #.........   100%        6    #######
 Chain Lightning          Conj/Air       #.........   100%        8    #######
 Discord                  Hex            #.........   100%        8    #######
 Lehudib's Crystal Spear  Conj/Erth      #.........   100%        8    #######
 Fire Storm               Conj/Fire      #.........   100%        9    #######
 Glaciate                 Conj/Ice       #.........   100%        9    #######


Dungeon Overview and Level Annotations

Branches:
Dungeon (12/15)            Temple (1/1) D:4            Lair (0/6) D:10
    Orc: D:9-12

Altars:
Ashenzari
Cheibriados
Dithmenos
Elyvilon
Fedhas
Gozag
Hepliaklqana
Kikubaaqudgha
Makhleb
Nemelex Xobeh
Okawaru
Qazlal
Ru
Sif Muna
Trog
Uskayaw
Vehumet
Wu Jian
Xom
Yredelemnul
Zin
The Shining One

Shops:
D:9 [

Annotations:
D:12 Azrael


Innate Abilities, Weirdness & Mutations

You have a pair of antennae on your head.
You are mostly covered in iridescent scales. (AC +4)
Your flesh is cold resistant. (rC+)
A meltable icy envelope protects you from harm. (AC +0)
You are immune to freezing clouds.
You can translocate small distances at will.
You occasionally shout uncontrollably at your foes.


Message History

* * * LOW HITPOINT WARNING * * *
You hit the hell hound.
The hell hound is severely wounded.
The hell hound bites you.
* * * LOW HITPOINT WARNING * * *
You slash the hell hound!
You kill the hell hound!
Makhleb accepts your kill.
You feel better.
You closely miss the fire elemental. You block the fire elemental's attack.
You miss the fire elemental. The fire elemental hits you.
The fire elemental burns you!
* * * LOW HITPOINT WARNING * * *
The hell hound breathes flames at you.
The blast of flame hits the fire elemental.
The fire elemental completely resists.
The blast of flame hits you!!
* * * LOW HITPOINT WARNING * * *
You block the fire elemental's attack.
You feel better. The fire elemental hits you. The fire elemental burns you!
You die...

#..........# #........#
#####......###.########
#.............#
#.............#
#..[..........#
##>...........#
#h...........#
#E#######.#### #@# #.#
#.# #.# #######.# #.#
#.......# #.#
#.########### #.# #.#
#.......# #.# #######.#
#.#####.# #.#
#.......###.#####.# #.#
#.#####.รท.........###.#


You could see a fire elemental and a hell hound.

Vanquished Creatures
  Snorg (D:10)
  A centaur warrior (D:10)
  Erica (D:8)
  An unseen horror (D:10)
  Pikel (D:4)
  An orc knight (D:11)
  A cyclops (D:11)
  Joseph (D:8)
  2 centaur skeletons (D:10)
  2 hellwings (D:10)
  A harpy zombie (D:10)
  4 trolls
  Prince Ribbit (D:7)
  6 hippogriffs
  A shadow (D:11)
  A wyvern (D:10)
  A fire elemental (D:11)
  13 yaks
  4 hungry ghosts
  A soldier ant (D:12)
  A hell hound (D:11)
  10 orc warriors
  A black bear (D:10)
  3 ice beasts
  4 sky beasts
  2 phantoms
  10 ogres
  4 centaurs
  2 bullfrogs
  6 big kobolds
  A wyvern skeleton (D:10)
  2 scorpions
  21 killer bees
  3 wights (D:11)
  2 howler monkeys
  3 bullfrog zombies
  3 crimson imps
  4 centaur zombies
  2 lava snakes (D:9)
  A quasit (D:11)
  2 bullfrog skeletons
  8 jellies
  5 hounds
  13 orc wizards
  10 orc priests
  4 iguanas
  9 worker ants
  14 adders
  3 gnolls (D:7)
  A howler monkey skeleton (D:4)
  5 river rats
  6 shadow imps
  7 oozes
  2 adder skeletons
  3 worms
  4 dart slugs
  8 leopard geckos
  66 orcs
  5 ball pythons
  6 bats
  8 giant cockroaches
  10 goblins
  7 hobgoblins
  17 jackals
  17 kobolds
  8 quokkas
  5 frilled lizards
  12 rats
395 creatures vanquished.

Vanquished Creatures (others)
  2 orc wizards
  2 orcs (D:4)
  6 fungi
  2 plants (D:10)
  5 toadstools (D:5)
  A withered plant (D:10)
18 creatures vanquished.

Grand Total: 413 creatures vanquished

Notes
Turn   | Place    | Note
-------+----------+-------------------------------------------
     0 | D:1      | Lanoc the Demonspawn Fighter began the quest for the Orb.
     0 | D:1      | Reached XP level 1. HP: 18/18 MP: 1/1
    18 | D:1      | Reached skill level 2 in Long Blades
   110 | D:1      | Gained mutation: You are partially covered in iridescent
                  | scales. (AC +2) [demonic ancestry]
   110 | D:1      | Reached XP level 2. HP: 24/24 MP: 2/2
   542 | D:1      | Reached XP level 3. HP: 28/29 MP: 3/3
   864 | D:2      | Reached skill level 1 in Dodging
   996 | D:2      | Noticed a big kobold
  1023 | D:2      | Killed a big kobold
  1023 | D:2      | Reached skill level 3 in Long Blades
  1023 | D:2      | Gained mutation: You are mostly covered in iridescent
                  | scales. (AC +4) [demonic ancestry]
  1023 | D:2      | Reached XP level 4. HP: 28/35 MP: 4/4
  1181 | D:2      | Gained mutation: You have a pair of small antennae on your
                  | head. [demonic ancestry]
  1181 | D:2      | Reached XP level 5. HP: 40/41 MP: 5/5
  1406 | D:2      | Found a faded altar of an unknown god.
  1408 | D:2      | Became a worshipper of Xom of Chaos
  1473 | D:2      | Found an opulent altar of Gozag.
  1478 | D:2      | Found a glowing silver altar of Zin.
  1863 | D:3      | Found an iron altar of Okawaru.
  1867 | D:3      | Found a white marble altar of Elyvilon.
  2032 | D:3      | Found a burning altar of Makhleb.
  2095 | D:3      | XOM: cloud trail
  2368 | D:4      | XOM: medium Pois miscast
  2420 | D:4      | Found an ancient bone altar of Kikubaaqudgha.
  2437 | D:4      | Found an opulent altar of Gozag.
  2453 | D:4      | XOM: scenery: create altars
  2563 | D:4      | Reached XP level 6. HP: 20/48 MP: 6/6
  2592 | D:4      | Reached skill level 4 in Long Blades
  2595 | D:4      | XOM: smoke on damage
  2645 | D:4      | Gained mutation: You occasionally shout uncontrollably at
                  | your foes. [potion of mutation]
  2645 | D:4      | Gained mutation: You are robust. (+10% HP) [potion of
                  | mutation]
  2645 | D:4      | Gained mutation: Your muscles are strong. (Str +2) [potion
                  | of mutation]
  2688 | D:4      | Found a glowing drain.
  2694 | Sewer    | Entered a sewer
  2777 | Sewer    | XOM: harmless Hex miscast
  2945 | Sewer    | XOM: divination: detect items
  2957 | Sewer    | XOM: harmless Air miscast
  3098 | Sewer    | Reached XP level 7. HP: 53/60 MP: 7/7
  3211 | Sewer    | Reached skill level 5 in Long Blades
  3213 | Sewer    | XOM: noise
  3232 | Sewer    | XOM: 3-stop teleportation journey
  3245 | Sewer    | XOM: give mutations
  3245 | Sewer    | Gained mutation: Armour fits poorly on your strangely
                  | shaped body. [Xom's mischief]
  3245 | Sewer    | Gained mutation: You are dopey. (Int -2) [Xom's mischief]
  3587 | D:4      | Found a staircase to the Ecumenical Temple.
  3605 | Temple   | Entered the Ecumenical Temple
  3683 | Temple   | Fell from the grace of Xom
  3683 | Temple   | Became a worshipper of Makhleb the Destroyer
  3820 | D:4      | Reached skill level 5 in Fighting
  3987 | D:4      | Noticed Pikel
  3999 | D:4      | HP: 2/61 [Pikel/+0 whip of electrocution (14)]
  4013 | D:3      | Found a bloodstained altar of Trog.
  4013 | D:3      | Found a hide-covered altar of Uskayaw.
  4319 | D:4      | Killed Pikel
  4319 | D:4      | Reached skill level 6 in Long Blades
  4319 | D:4      | Reached skill level 5 in Armour
  4319 | D:4      | Gained mutation: Your flesh is cold resistant. (rC+)
                  | [demonic ancestry]
  4319 | D:4      | Reached XP level 8. HP: 69/69 MP: 8/8
  4381 | D:4      | XOM: stat loss: -3 Int (5/8)
  4521 | D:5      | Entered Level 5 of the Dungeon
  4680 | D:5      | Got a steaming mace
  4681 | D:5      | Identified the +5 mace of Guile {crush, Dex+5} (You found
                  | it on level 5 of the Dungeon)
  5131 | D:5      | Found a shattered altar of Ashenzari.
  5398 | D:6      | XOM: give mutations
  5398 | D:6      | Gained mutation: Your flesh is heat resistant. (rF+) [Xom's
                  | mischief]
  5398 | D:6      | Lost mutation: Your muscles are strong. (Str +2) [Xom's
                  | mischief]
  5398 | D:6      | Lost mutation: Your flesh is heat resistant. (rF+) [Xom's
                  | mischief]
  5438 | D:6      | XOM: give mutations
  5438 | D:6      | Lost mutation: You are dopey. (Int -2) [Xom's mischief]
  5438 | D:6      | Lost mutation: Armour fits poorly on your strangely shaped
                  | body. [Xom's mischief]
  5438 | D:6      | Gained mutation: You can translocate small distances at
                  | will. [Xom's mischief]
  5637 | D:6      | Reached skill level 7 in Long Blades
  5654 | D:6      | Reached * piety under Makhleb
  5669 | D:6      | Gained mutation: You are immune to freezing clouds.
                  | [demonic ancestry]
  5669 | D:6      | Reached XP level 9. HP: 43/75 MP: 9/9
  5702 | D:6      | Found a snail-covered altar of Cheibriados.
  5793 | D:6      | XOM: medium Air miscast
  6128 | D:6      | Found a sacrificial altar of Ru.
  6154 | D:6      | XOM: medium Chrm miscast
  6273 | D:6      | XOM: mild Hex miscast
  6443 | D:6      | XOM: noise
  6516 | D:7      | XOM: noise
  6564 | D:7      | Found a shadowy altar of Dithmenos.
  6733 | D:7      | Reached skill level 5 in Dodging
  6761 | D:7      | Noticed Prince Ribbit
  7024 | D:7      | XOM: medium Summ miscast
  7130 | D:7      | Killed Prince Ribbit
  7243 | D:7      | XOM: give mutation
  7243 | D:7      | Lost mutation: You are robust. (+10% HP) [Xom's mischief]
  7330 | D:7      | Reached skill level 8 in Long Blades
  7566 | D:7      | XOM: draining
  7610 | D:7      | XOM: noise
  7804 | D:8      | XOM: 1-stop teleportation journey
  7806 | D:8      | Noticed Erica
  7860 | D:8      | Killed Erica
  7860 | D:8      | Gained mutation: You have a pair of antennae on your head.
                  | [demonic ancestry]
  7860 | D:8      | Reached XP level 10. HP: 54/79 MP: 10/10
  7889 | D:8      | Reached ** piety under Makhleb
  7987 | D:8      | Noticed Joseph
  8005 | D:8      | Killed Joseph
  8225 | D:8      | XOM: medium Fire miscast
  8323 | D:8      | Found a deep blue altar of Sif Muna.
  8323 | D:8      | Found a sparkling altar of Nemelex Xobeh.
  8378 | D:9      | Reached skill level 9 in Long Blades
  8575 | D:9      | Found an ancient bone altar of Kikubaaqudgha.
  8963 | D:9      | Found Seoled's Antique Armour Shoppe.
  9175 | D:9      | Got a shimmering leather armour
  9186 | D:9      | Identified the +3 leather armour "Botuel" {rCorr MP+9 Str-5
                  | Stlth+} (You found it on level 9 of the Dungeon)
  9215 | D:9      | Reached *** piety under Makhleb
  9521 | D:10     | Entered Level 10 of the Dungeon
  9585 | D:10     | Reached skill level 10 in Long Blades
  9638 | D:10     | Gained mutation: A meltable icy envelope protects you from
                  | harm. (AC +0) [demonic ancestry]
  9638 | D:10     | Reached XP level 11. HP: 83/86 MP: 11/11
  9767 | D:10     | Found a staircase to the Lair.
  9837 | D:10     | Killed an unseen horror
 10036 | D:10     | XOM: harmless Tmut miscast
 10093 | D:10     | Reached **** piety under Makhleb
 10093 | D:10     | Noticed Snorg
 10171 | D:10     | HP: 2/87 [Snorg (11)]
 10172 | D:10     | Killed Snorg
 10211 | D:10     | Reached skill level 11 in Long Blades
 10230 | D:10     | XOM: mild Fire miscast
 10372 | D:10     | XOM: noise
 10408 | D:10     | Noticed a centaur warrior
 10416 | D:10     | Killed a centaur warrior
 11166 | D:11     | Noticed an orc knight
 11186 | D:11     | Killed an orc knight
 11195 | D:11     | Reached XP level 12. HP: 75/95 MP: 12/12
 11230 | D:11     | Reached ***** piety under Makhleb
 11726 | D:12     | Noticed Azrael
 11764 | D:11     | Slain by a fire elemental

Vault maps used:
D:1:      dpeg_arrival_tiny_h, minmay_box_of_dots
D:2:      grunt_temple_overflow_gold_and_silver,
          chequers_ecumenical_altar_twisty, minmay_hexomino_f4
D:3:      nicolae_overflow_hidden_temple, lemuel_tele_altar
D:4:      nicolae_overflow_crystal_walls, minmay_temple_entry_crystal_x,
          gup_sewer_entry_bubbles, minivault_23, lemuel_altar_in_water,
          uniq_pikel
D:5:      old_standard_altar, first_ration, minmay_gold_behind_fungi
D:6:      lemuel_doored_altar, basic_altar
D:7:      marbit_many_paths, uniq_prince_ribbit1
D:8:      gammafunk_temple_overflow_wave, uniq_erica, uniq_joseph
D:9:      serial_shops, shop, hangedman_little_slice_of_home,
          kennysheep_flooded_box
D:10:     cheibrodos_grave_circle, grunt_lair_entry_orc_guard_hut, uniq_snorg
D:11:     special_room
D:12:     david_orc_1_choice, serial_column_ruins, column_ruins_grid_1,
          column_ruins_open_small, column_ruins_corridor_T,
          column_ruins_corridor_straight, column_ruins_open_tiny,
          column_ruins_grid_1, uniq_erolcha, uniq_azrael
Temple:   jpeg_temple_alley_garden
Sewer:    sewer_co_15_rooms

Skill      XL: |  1  2  3  4  5  6  7  8  9 10 11 12 |
---------------+-------------------------------------+-----
Long Blades    | 2 3 4 6 7 8 10 11 | 11.9
Armour         | 3 4 5 6 7 8 9 |  9.0
Dodging        | 1 2 4 5 6 8 |  8.4
Fighting       | 4 5 6 7 8 9 |  9.7
Shields        | |  2.6

Action                   |  1- 3 |  4- 6 |  7- 9 | 10-12 || total
-------------------------+-------+-------+-------+-------++-------
Melee: Long sword        |   112 |   263 |   506 |    23 ||   904
       Mace              |       |       |    12 |       ||    12
       Scimitar          |       |       |       |   940 ||   940
  Use: Scroll            |       |    10 |     4 |     1 ||    15
       Potion            |       |     6 |    11 |     2 ||    19
 Stab: Invisible         |       |     1 |       |       ||     1
  Eat: Chunk             |       |     7 |    17 |    25 ||    49
Armor: Scale mail        |    65 |   166 |   123 |       ||   354
       Chain mail        |       |       |   121 |   414 ||   535
       Skin              |       |       |    10 |    22 ||    32
       Plate armour      |       |       |       |   150 ||   150
Dodge: Dodged            |    40 |    83 |   148 |   334 ||   605
Block: Shield            |    65 |   139 |   229 |   447 ||   880
       Rpst.: Long sword |    11 |    22 |    52 |       ||    85
       Scimitar          |       |       |       |    77 ||    77

Table legend:
 A = Non-vault XP
 B = Vault XP
 C = Vault XP percentage of total XP
 D = Non-vault monster count
 E = Vault monster count
 F = Vault count percentage of total count
                 A         B        C        D         E       F
            +---------+---------+-------+---------+---------+-------
      Total |   17067 |    9637 |  36.1 |     309 |      88 |  22.2
            +---------+---------+-------+---------+---------+-------
        D:1 |      39 |       5 |  11.4 |      21 |       3 |  12.5
        D:2 |     191 |       6 |   3.0 |      35 |       4 |  10.3
        D:3 |      16 |       0 |   0.0 |       9 |       0 |   0.0
        D:4 |     584 |     716 |  55.1 |      23 |       9 |  28.1
        D:5 |     346 |       0 |   0.0 |      13 |       0 |   0.0
        D:6 |     861 |       0 |   0.0 |      26 |       0 |   0.0
        D:7 |    1304 |     388 |  22.9 |      23 |       2 |   8.0
        D:8 |     374 |    1342 |  78.2 |       7 |       2 |  22.2
        D:9 |    2855 |     162 |   5.4 |      47 |       8 |  14.5
       D:10 |    3980 |    4932 |  55.3 |      41 |      17 |  29.3
       D:11 |    4047 |    1590 |  28.2 |      32 |      22 |  40.7
       D:12 |    2470 |       0 |   0.0 |      32 |       0 |   0.0
      Sewer |       0 |     496 | 100.0 |       0 |      21 | 100.0
            +---------+---------+-------+---------+---------+-------
